[Event "Team 45 45 League T23"]
[Site "Internet Chess Club"]
[Date "2004.07.06"]
[Round "4"]
[White "markev"]
[Black "Two-DogMan"]
[Result "0-1"]
[WhiteElo "1374"]
[BlackElo "1419"]
[TimeControl "2700+45"]

1. d4 d5 2. e3 a6 3. Nc3 Nf6 4. h3 e6 5. a3 c5 6. Nf3 c4 7. Be2 Be7 8. O-O Nc6
9. b3 b5 10. b4 Bd6 11. Bb2 Bc7 12. h4 Qd6 13. Re1 e5 14. dxe5 Nxe5 15. Nxe5
Qxe5 16. g3 O-O 17. Bf3 Bb7 18. Na4 Qf5 19. Nc5 Bc6 20. Bxf6 Qxf6 21. Bxd5 Rad8
22. Ne4 Qf5 23. Nc3 Bxd5 24. Qc1 Bf3 25. Kh2 Bg4 26. e4 Qxf2+ 27. Kh1 Bf3#
{White checkmated} 0-1

[Event "Team 45 45 League T23"]
[Site "Internet Chess Club"]
[Date "2004.07.02"]
[Round "4"]
[White "tekdeth"]
[Black "rpgrossman"]
[Result "1-0"]
[WhiteElo "1333"]
[BlackElo "1105"]
[TimeControl "2700+45"]

1. e4 Nf6 2. e5 Nd5 3. d4 e6 4. Bc4 Bb4+ 5. Bd2 Nf4 6. Qf3 Qg5 7. Bf1 Nc6 8. g3
Nxd4 9. Qxf4 Nxc2+ 10. Kd1 Qxf4 11. gxf4 Bxd2 12. Nxd2 Nxa1 13. Bd3 b6 14. Ngf3
Bb7 15. Ke2 f5 16. Rxa1 Bxf3+ 17. Nxf3 a5 18. a4 d6 19. Ng5 dxe5 20. Nxe6 Rc8
21. Bxf5 exf4 22. Nxg7+ Kf7 23. Bxc8 Rxc8 24. Nf5 Re8+ 25. Kf3 Kf6 26. Nd4 c5
27. Ne2 Kf5 28. Rg1 Re6 29. h4 Rg6 30. Rxg6 hxg6 31. Nxf4 c4 32. h5 Kg5 33. hxg6
Kh6 34. Ke3 Kg7 35. Kd4 b5 36. axb5 c3 37. Kxc3 a4 38. b6 a3 39. bxa3 {Black
resigns} 1-0

[Event "Team 45 45 League T23"]
[Site "Internet Chess Club"]
[Date "2004.07.05"]
[Round "4"]
[White "cazj"]
[Black "peterts"]
[Result "1-0"]
[WhiteElo "1185"]
[BlackElo "1033"]
[TimeControl "2700+45"]

1. e4 d5 2. exd5 Qxd5 3. Nc3 Qe5+ 4. Qe2 Qe6 5. Nf3 Nc6 6. d4 Qd6 7. Be3 Bf5 8.
Qd2 Nb4 9. Rc1 Nf6 10. Bc4 Ng4 11. Bf4 Qg6 12. Bb3 O-O-O 13. Nb5 Kb8 14. Qxb4
Qe6+ 15. Bxe6 Bxe6 16. Bxc7+ {Black resigns} 1-0

[Event "Team 45 45 League T23"]
[Site "Internet Chess Club"]
[Date "2004.07.05"]
[Round "4"]
[White "yates"]
[Black "az2112"]
[Result "0-1"]
[WhiteElo "1680"]
[BlackElo "1716"]
[TimeControl "2700+45"]

1. e4 c5 2. Nc3 Nc6 3. g3 d6 4. Bg2 Nf6 5. d3 e6 6. h3 Be7 7. Be3 d5 8. exd5
exd5 9. d4 cxd4 10. Bxd4 Nxd4 11. Qxd4 Be6 12. Nge2 Qa5 13. O-O Rd8 14. a3 O-O
15. b4 Qa6 16. Rfd1 Ne4 17. a4 Bf6 18. Qd3 Qb6 19. Rf1 Nxc3 20. Nxc3 Qxb4 21.
Nxd5 Bxd5 22. Rab1 Qc5 23. Rb5 Qc4 24. Rxd5 Qxa4 25. c4 b6 26. Rd1 Qe8 27. Rxd8
Qxd8 28. Qxd8 Rxd8 29. Rxd8+ Bxd8 30. Bc6 Kf8 31. Bb5 Ke7 32. Kf1 Kd6 33. Ke2
Kc5 34. h4 Bf6 35. Kd3 Kb4 36. Ke2 a5 37. Kd3 a4 38. c5 Kxb5 39. c6 Kxc6 {White
resigns} 0-1

[Event "Team 45 45 League T23"]
[Site "Internet Chess Club"]
[Date "2004.07.03"]
[Round "4"]
[White "dondel"]
[Black "tjet"]
[Result "0-1"]
[WhiteElo "1604"]
[BlackElo "1591"]
[TimeControl "2700+45"]

1. e4 d5 2. exd5 Qxd5 3. Nc3 Qa5 4. Nf3 Nf6 5. Bd3 Bg4 6. a3 e6 7. O-O c6 8. h3
Bh5 9. Qe1 Bxf3 10. gxf3 Qh5 11. Ne4 Qxh3 12. Be2 Nxe4 13. fxe4 Bd6 14. f4 Bc5+
15. Rf2 Qg3+ 16. Kf1 Qxf2+ 17. Qxf2 Bxf2 18. Kxf2 Nd7 19. b4 Nf6 20. Kf3 O-O-O
21. e5 Nd5 22. c3 h6 23. Bb2 Ne7 24. Rg1 g6 25. Bc1 h5 26. d4 a6 27. a4 Nd5 28.
Bd2 Ne7 29. b5 cxb5 30. axb5 axb5 31. Bxb5 Nc6 32. Ke4 Kc7 33. Be1 Ra8 34. Bh4
Ra2 35. Kd3 Rha8 36. Bc4 Rh2 37. Be1 Ra1 38. Rf1 h4 39. d5 exd5 40. Bxd5 Rd1+
41. Ke4 Re2+ 42. Kf3 Rexe1 43. Rxe1 Rxe1 44. Kg4 Nd8 45. Kxh4 Rg1 46. c4 Kb6 47.
Kh3 Kc5 48. Kh2 Rg4 {White resigns} 0-1

[Event "Team 45 45 League T23"]
[Site "Internet Chess Club"]
[Date "2004.07.05"]
[Round "4"]
[White "hawk757"]
[Black "GadsHill"]
[Result "1-0"]
[WhiteElo "1358"]
[BlackElo "1492"]
[TimeControl "2700+45"]

1. d4 d5 2. c4 e6 3. e3 Nf6 4. Be2 Be7 5. Nf3 Nbd7 6. O-O O-O 7. Nc3 c5 8. b3
cxd4 9. Nxd4 dxc4 10. Bxc4 Nb6 11. Qe2 e5 12. Ndb5 Bg4 13. f3 Bh5 14. Rd1 Qc8
15. Bb2 Nxc4 16. bxc4 e4 17. Nd4 exf3 18. Nxf3 Bc5 19. Na4 Re8 20. Kh1 Rxe3 21.
Qf1 Ne4 22. Rd5 Bg6 23. Rad1 Qc7 24. Nxc5 Nxc5 25. Bd4 Rxf3 26. gxf3 Ne6 27. Be5
Qe7 28. Qe1 h6 29. Qg3 Qb4 30. c5 Nxc5 31. Bb8 Ne6 32. Qe5 Qf8 33. Rd7 Rxb8 34.
f4 Bh7 35. f5 Ng5 36. Qxb8 Qxb8 37. Rd8+ Qxd8 38. Rxd8# {Black checkmated} 1-0

[Event "Team 45 45 League T23"]
[Site "Internet Chess Club"]
[Date "2004.07.02"]
[Round "4"]
[White "rgadoury"]
[Black "Colonel-Klutz"]
[Result "1-0"]
[WhiteElo "1412"]
[BlackElo "1310"]
[TimeControl "2700+45"]

1. d4 Nf6 2. Nf3 g6 3. g3 Bg7 4. Bg2 d5 5. Nbd2 Nc6 6. e3 Bg4 7. h3 Bf5 8. O-O
Ne4 9. Nh4 Nxd2 10. Bxd2 e6 11. Nxf5 exf5 12. a3 O-O 13. Rc1 b6 14. c4 Ne7 15.
c5 Re8 16. Re1 Qd7 17. b4 c6 18. Rb1 b5 19. f4 Bh6 20. a4 a6 21. a5 g5 22. Qh5
gxf4 23. Qxh6 fxg3 24. Qg5+ Ng6 25. Qxg3 Kh8 26. h4 Rg8 27. h5 Ne7 28. Qe5+
{Black resigns} 1-0

[Event "Team 45 45 League T23"]
[Site "Internet Chess Club"]
[Date "2004.07.04"]
[Round "4"]
[White "Girlprodigy"]
[Black "ChessicStudent"]
[Result "1/2-1/2"]
[WhiteElo "1536"]
[BlackElo "1573"]
[TimeControl "2700+45"]

1. Nf3 d5 2. d4 Nf6 3. e3 e6 4. Bd3 c5 5. c3 Nc6 6. O-O Be7 7. Qe2 O-O 8. Nbd2
c4 9. Bc2 b5 10. h3 b4 11. Ba4 Qb6 12. Bxc6 Qxc6 13. Ne5 Qb5 14. Ndf3 bxc3 15.
bxc3 Ne4 16. Bd2 Rb8 17. a4 Qb2 18. Qe1 Nxd2 19. Qxd2 Qxd2 20. Nxd2 Rb2 21. Ndf3
f6 22. Nc6 Bd6 23. Rfb1 Ba3 24. Nxa7 Bd7 25. Rxb2 Bxb2 26. Ra2 Bxc3 27. Rc2 Ba5
28. Nb5 Rb8 29. Kf1 Bxb5 30. axb5 Rxb5 31. Ke2 c3 32. Ne1 Rb2 33. Kd1 Kf7 34.
Nd3 Rb1+ 35. Rc1 Rxc1+ 36. Nxc1 c2+ 37. Kxc2 Be1 {Game drawn by mutual
agreement} 1/2-1/2

[Event "Team 45 45 League T23"]
[Site "Internet Chess Club"]
[Date "2004.07.03"]
[Round "4"]
[White "Glassywoman"]
[Black "ebattousai"]
[Result "0-1"]
[WhiteElo "1529"]
[BlackElo "1491"]
[TimeControl "2700+45"]

1. d4 e6 2. e4 c5 3. c3 d5 4. Bb5+ Bd7 5. Bxd7+ Qxd7 6. e5 Nc6 7. Nf3 Nge7 8.
O-O cxd4 9. cxd4 Nf5 10. a3 Rc8 11. b4 Be7 12. b5 Na5 13. Bd2 Qxb5 14. Nc3 Qc4
15. Qa4+ Qxa4 16. Nxa4 Nb3 17. Ra2 Nbxd4 18. Nxd4 Nxd4 19. Bb4 Bxb4 20. axb4 Nc6
21. Nc5 b5 22. Re1 Nxb4 23. Rxa7 O-O 24. Nb3 Nd3 25. Rd1 Nxe5 26. f4 Nc4 27. Kf2
Ra8 28. Rda1 Rxa7 29. Rxa7 h5 30. Rb7 Nd6 31. Rb6 Ne4+ 32. Ke3 Rc8 33. Rxb5 Rc3+
34. Ke2 Rc2+ 35. Kf3 Nd2+ 36. Nxd2 Rxd2 37. h3 Kf8 38. Kg3 Ke7 39. Kf3 Kf6 40.
g3 Rd3+ 41. Kf2 g5 42. fxg5+ Kxg5 43. Rb4 Rc3 44. h4+ Kg6 45. Kg2 Rc4 46. Rb2 d4
47. Re2 d3 48. Re1 d2 49. Rd1 Rc2 50. Kf3 Kf5 51. Ke3 Kg4 52. Kf2 e5 53. Kg2 e4
54. Kf2 f5 55. Ke3 Kxg3 56. Rxd2 Rxd2 57. Kxd2 f4 58. Ke2 Kxh4 59. Kf2 Kg4 60.
Kg2 h4 61. Kf2 h3 62. Kg1 Kg3 63. Kh1 f3 64. Kg1 e3 65. Kh1 e2 {White resigns}
0-1

[Event "Team 45 45 League T23"]
[Site "Internet Chess Club"]
[Date "2004.07.06"]
[Round "4"]
[White "Nikolay"]
[Black "GermanSevorin"]
[Result "1-0"]
[WhiteElo "2306"]
[BlackElo "2101"]
[TimeControl "2700+45"]

1. e4 e5 2. Nf3 Nc6 3. Bb5 Nd4 4. Nxd4 exd4 5. O-O h5 6. c3 Bc5 7. b4 Bb6 8. Bb2
c6 9. Ba4 d5 10. exd5 Qxd5 11. Bb3 Qd6 12. Re1+ Kf8 13. Qf3 Nf6 14. c4 Bc7 15.
Qg3 Qd7 16. Qg5 Qd6 17. Qc5 b6 18. Qxd6+ Bxd6 19. Bxd4 Bxb4 20. Nc3 Be6 21. a3
Be7 22. Ne4 Rd8 23. Bc3 b5 24. Ng5 Bxc4 25. Bxc4 bxc4 26. Rxe7 Kxe7 27. Bb4+ Kd7
28. Nxf7 Rhe8 29. Nxd8 Rxd8 30. Rc1 Ke6 31. Rxc4 Rc8 32. f3 Kd5 33. Rc5+ Kd4 34.
Ra5 c5 35. Bc3+ Kd3 36. Rxa7 Re8 37. Rxg7 Ng8 38. Kf2 h4 39. Rd7+ Kc4 40. f4 Nf6
41. Bxf6 {Black resigns} 1-0

[Event "Team 45 45 League T23"]
[Site "Internet Chess Club"]
[Date "2004.07.03"]
[Round "4"]
[White "MicroKidA"]
[Black "nminwalla"]
[Result "1-0"]
[WhiteElo "1999"]
[BlackElo "1707"]
[TimeControl "2700+45"]

1. e4 c5 2. Nf3 Nc6 3. d4 cxd4 4. Nxd4 g6 5. Nc3 Bg7 6. Be3 Nf6 7. Bc4 O-O 8.
Bb3 a5 9. a4 Ng4 10. Qxg4 Nxd4 11. Qh4 Nxb3 12. cxb3 Ra6 13. O-O Re6 14. Rac1 f5
15. f3 fxe4 16. fxe4 b6 17. Rxf8+ Qxf8 18. Rf1 Qd8 19. Nd5 Bb7 20. Bxb6 Rxb6 21.
Nxe7+ {Black resigns} 1-0

[Event "Team 45 45 League T23"]
[Site "Internet Chess Club"]
[Date "2004.06.30"]
[Round "4"]
[White "MAdBorg"]
[Black "VincentB"]
[Result "0-1"]
[WhiteElo "1684"]
[BlackElo "1533"]
[TimeControl "2700+45"]

1. e4 c5 2. f4 e6 3. d3 Nc6 4. Nf3 Qc7 5. g3 d6 6. Bg2 Be7 7. O-O Nf6 8. Bd2 O-O
9. Nc3 a6 10. a3 Rb8 11. h3 b5 12. g4 Bb7 13. f5 e5 14. Qc1 Nd4 15. h4 Nxg4 16.
Bh3 Nxf3+ 17. Rxf3 Nf6 18. Rg3 Nh5 19. Rg2 Nf4 20. Bxf4 exf4 21. Qxf4 Bf6 22. h5
Kh8 23. Kf2 Qe7 24. Rag1 Bd4+ 25. Kf1 Bxg1 26. Kxg1 f6 27. h6 gxh6 28. Qxh6 Rg8
29. Rg6 Rxg6+ 30. fxg6 Qg7 31. Qxg7+ Kxg7 32. gxh7 Kxh7 33. Bf5+ Kh6 34. Ne2 Bc8
35. Ng3 Kg5 36. Kf2 Bxf5 37. Nxf5 d5 38. Nd6 d4 39. Kf3 Rb6 40. Nc8 Rc6 41. Ne7
Re6 42. Nd5 f5 43. exf5 Kxf5 44. Nc7 Rc6 45. Nd5 Ke5 46. Ne7 Rc7 47. Ng6+ Kf5
48. Nh4+ Kg5 49. Ng2 Rf7+ 50. Ke2 Kg4 51. Ne1 Kg3 52. b3 Rf2+ 53. Kd1 Kf4 54. b4
cxb4 55. axb4 Ke3 56. c4 bxc4 57. dxc4 Ra2 58. Nc2+ Kd3 59. Nxd4 Kxd4 60. c5 Kd3
61. Ke1 Rc2 62. Kd1 Rc4 {White resigns} 0-1

[Event "Team 45 45 League T23"]
[Site "Internet Chess Club"]
[Date "2004.07.04"]
[Round "4"]
[White "Ejykes72"]
[Black "Aldos"]
[Result "0-1"]
[WhiteElo "1825"]
[BlackElo "2069"]
[TimeControl "2700+45"]

1. e4 d5 2. exd5 Qxd5 3. Nc3 Qd6 4. Nf3 a6 5. g3 Nf6 6. Bg2 Nc6 7. h3 g6 8. O-O
Bg7 9. Re1 O-O 10. d4 b5 11. a3 Bb7 12. Bf4 Qd7 13. d5 Na5 14. Ne5 Qd8 15. b3
Rc8 16. Qd2 c6 17. b4 Nc4 18. Nxc4 bxc4 19. d6 exd6 20. Qxd6 Qxd6 21. Bxd6 Rfd8
22. Rad1 Rd7 23. Bc5 Nd5 24. Ne4 Rcd8 25. a4 h6 26. a5 f5 27. Nd2 Nc3 28. Bb6
Rxd2 29. Bxd8 Rxd1 30. Rxd1 Nxd1 31. Be7 Bd4 32. Bc5 Bxc5 33. bxc5 Nc3 34. Bf1
Kf7 35. Bxc4+ Kf6 36. f3 Na4 37. Kf2 Nxc5 38. Ke3 Ke5 39. f4+ Kf6 40. Kd4 Ne4
41. g4 c5+ 42. Ke3 Nd6 43. Be2 Be4 44. c3 Nb5 45. gxf5 gxf5 46. Bxb5 axb5 47. a6
Kg6 48. a7 Kh5 {White resigns} 0-1

[Event "Team 45 45 League T23"]
[Site "Internet Chess Club"]
[Date "2004.07.05"]
[Round "4"]
[White "smooth-moves04"]
[Black "az2112"]
[Result "1-0"]
[WhiteElo "1984"]
[BlackElo "1700"]
[TimeControl "2700+45"]

1. b4 Nf6 2. Bb2 e6 3. b5 b6 4. a4 c5 5. e3 Bb7 6. Nf3 Be7 7. Be2 O-O 8. O-O d6
9. Na3 Nbd7 10. d3 Re8 11. Re1 Qc7 12. Qd2 Rad8 13. e4 e5 14. Nc4 d5 15. exd5
Bxd5 16. Nfxe5 Nxe5 17. Bxe5 Qb7 18. Qg5 Qd7 19. f4 h6 20. Qg3 Qf5 21. Ne3 Qg6
22. Qxg6 fxg6 23. a5 Bd6 24. Bxf6 Bxf4 25. Nxd5 Rxd5 26. Bf3 {Black resigns} 1-0

[Event "Team 45 45 League T23"]
[Site "Internet Chess Club"]
[Date "2004.07.04"]
[Round "4"]
[White "Chess2Play"]
[Black "billarvola"]
[Result "0-1"]
[WhiteElo "1678"]
[BlackElo "1990"]
[TimeControl "2700+45"]

1. d4 Nf6 2. c4 d6 3. Nc3 Nbd7 4. Bg5 e5 5. Nf3 Be7 6. dxe5 dxe5 7. e3 O-O 8.
Be2 c6 9. O-O Re8 10. Qc2 Qc7 11. Ne4 Nxe4 12. Bxe7 Rxe7 13. Qxe4 Nc5 14. Qh4 a5
15. Rfd1 f6 16. Bd3 Nxd3 17. Rxd3 e4 18. Rd4 exf3 19. Rad1 Be6 20. Qe4 Bf7 21.
Qxf3 c5 22. Rh4 Rd8 23. Rxd8+ Qxd8 24. h3 Rd7 25. Qf5 h6 26. Qxc5 Rd1+ 27. Kh2
Qd6+ 28. Qxd6 Rxd6 29. b3 Rd2 30. Rd4 Rxd4 31. exd4 Kf8 32. Kg3 Ke7 33. Kf4 Kd6
34. Kf5 b6 35. h4 Kc6 36. g4 b5 37. d5+ Kc5 38. cxb5 Kxb5 39. d6 Kc6 40. g5 fxg5
41. hxg5 hxg5 42. Ke5 g4 43. Kf4 Kxd6 44. Kxg4 Kc5 45. Kf4 Kb4 46. Ke4 Ka3 47.
Kd4 Kxa2 48. Kc3 Bxb3 49. f4 Be6 50. Kc2 a4 51. Kc1 Bf5 52. Kd2 Kb2 {White
resigns} 0-1

[Event "Team 45 45 League T23"]
[Site "Internet Chess Club"]
[Date "2004.07.05"]
[Round "4"]
[White "JayW"]
[Black "Xidnan"]
[Result "0-1"]
[WhiteElo "1630"]
[BlackElo "1633"]
[TimeControl "2700+45"]

1. e4 c5 2. Nc3 Nc6 3. g3 g6 4. Bg2 d6 5. d3 Bg7 6. Nge2 Nf6 7. O-O Bg4 8. h3
Bd7 9. Rb1 Qc8 10. Kh2 h5 11. Bg5 Nh7 12. Be3 h4 13. g4 f5 14. gxf5 gxf5 15.
exf5 Bxf5 16. Qd2 Be5+ 17. Bf4 Bxf4+ 18. Nxf4 Qd7 19. Be4 Ng5 20. Bxf5 Nf3+ 21.
Kh1 Nxd2 22. Bxd7+ Kxd7 23. Ng2 Nxb1 24. Rxb1 Raf8 25. f4 Nd4 26. Rc1 Ne2 27.
Nxe2 b5 28. Ne3 Rf6 29. Ng4 Re6 30. Re1 Rf8 31. Kg2 Rxf4 32. Nxf4 Rxe1 33. Kf2
Ra1 34. Ne3 Rxa2 35. b3 a5 36. Nfd5 a4 37. bxa4 bxa4 38. Ke1 a3 39. Kd1 Ra1+ 40.
Kd2 a2 41. c4 Rd1+ {White resigns} 0-1